 Dungeon Crawl Stone Soup version 0.28.0-53-g5a82cb258f (webtiles) character file.

Game seed: 74101931261475171

3635 cbfl8 the Cleaver (level 9, -10/121 HPs)
             Began as a Minotaur Berserker on Sept 21, 2022.
             Was a Priest of Trog.
             Mangled by Erica
             ... wielding a +1 scimitar of flaming
              (17 damage)
             ... on level 8 of the Dungeon.
             The game lasted 00:06:17 (8760 turns).

cbfl8 the Cleaver (Minotaur Berserker)              Turns: 8760, Time: 00:06:18

Health: -10/121    AC:  0    Str: 23    XL:     9   Next: 87%
Magic:  8/8        EV: 15    Int:  4    God:    Trog [***...]
Gold:   315        SH:  0    Dex: 13    Spells: 8/8 levels left

rFire   . . .      SeeInvis .   (weapon currently unavailable)
rCold   . . .      Faith    +   (shield currently unavailable)
rNeg    . . .      Spirit   .   (armour currently unavailable)
rPois   .          Reflect  .   (helmet currently unavailable)
rElec   .          Harm     .   (cloak currently unavailable)
rCorr   .          Rampage  .   (gloves currently unavailable)
Will    .....                   (boots currently unavailable)
Stlth   ..........              y - amulet of faith
HPRegen 0.30/turn               (ring currently unavailable)
MPRegen 0.11/turn               (ring currently unavailable)

@: berserking (expiring), pig-form, very quick
A: fast, no casting, small, (horns 2), (retaliatory headbutt)
a: Renounce Religion, Berserk, Trog's Hand


You were on level 8 of the Dungeon.
You worshipped Trog.
Trog was most pleased with you.
You were a filthy swine.
You visited 1 branch of the dungeon, and saw 8 of its levels.

You collected 315 gold pieces.

Inventory:

Hand Weapons
 a - a +0 hand axe (melded)
Armour
 d - a +0 pair of gloves (melded)
 e - a +2 buckler (melded)
 i - a +0 plate armour (melded)
 q - a scarf of repulsion (melded)
Jewellery
 p - a ring of fire
 t - a ring of protection from fire (melded)
 y - an amulet of faith (around neck)
 C - a +4 ring of evasion (melded)
Scrolls
 b - 3 scrolls of fog {unknown}
 f - a scroll of vulnerability {unknown}
 h - 2 scrolls of summoning {unknown}
 k - 3 scrolls of teleportation {unknown}
 l - 2 scrolls of identify {unknown}
 o - a scroll of amnesia {unknown}
 s - a scroll of enchant armour {unknown}
 v - a scroll of brand weapon {unknown}
 z - 2 scrolls of immolation {unknown}
 A - a scroll of noise {unknown}
Potions
 c - 6 potions of curing {unknown}
 g - a potion of flight {unknown}
 j - 4 potions of degeneration {unknown}
 m - 2 potions of mutation {unknown}
 n - a potion of attraction {unknown}
 r - a potion of might {unknown}
 u - a potion of brilliance {unknown}
 w - a potion of magic {unknown}
 x - 2 potions of haste {unknown}
 B - a potion of heal wounds {unknown}


   Skills:
 * Level 8.0 Fighting
 * Level 10.7 Axes
 + Level 6.8 Armour
 + Level 2.8 Dodging
 * Level 4.1 Stealth
 + Level 4.2 Shields
 * Level 4.6 Evocations


You had 8 spell levels left.
You didn't know any spells.
Your spell library was empty.

Dungeon Overview and Level Annotations

Branches:
Dungeon (8/15)             Temple (0/1) D:7
   Lair: D:8-11

Altars:
Cheibriados
Fedhas

Shops:
D:8 [

Annotations:
D:4 2 runed translucent doors, Alliumium's ghost, amateur MiFi
D:8 Erica


Innate Abilities, Weirdness & Mutations

You are a filthy swine.
You move quickly.
Your equipment is almost entirely melded.
You are incapable of wielding weapons or throwing items.
You cannot cast spells.
((You have a pair of horns on your head.))
((You reflexively headbutt those who attack you in melee.))


Message History

You hear a zap.
Something tries to affect you, but you resist.
You hit something. Your headbutt misses something.
You hear a zap.
You turn into a filthy swine.
Your +0 hand axe melds into your body.
Your scarf of repulsion melds into your body.
Your +0 pair of gloves melds into your body.
Your +2 buckler melds into your body.
Your +0 plate armour melds into your body.
Your +4 ring of evasion melds into your body.
Your ring of protection from fire melds into your body.
The haze of the repulsion field disappears.
You miss something. Something hits you! Something burns you.
You hit something. Something hits you! Something burns you.
A red film seems to cover your vision as you go berserk!
You feel yourself moving faster!
You feel mighty! Something hits you!! Something burns you.
You hit something. You closely miss something. Something hits you!
* * * LOW HITPOINT WARNING * * *
Something burns you.
* * * LOW HITPOINT WARNING * * *
You closely miss something. Something barely misses you.
You bite something! You barely miss something. Something hits you!
* * * LOW HITPOINT WARNING * * *
Something burns you.
* * * LOW HITPOINT WARNING * * *
You miss something. You miss something. Something hits you.
* * * LOW HITPOINT WARNING * * *
Something burns you.
* * * LOW HITPOINT WARNING * * *
You closely miss something. You closely miss something.
You hear some strange, mumbled words.
Something tries to affect you, but you resist.
You bite something! You miss something. Something hits you!
You die...

#####. #+#...#+
####.......
+#.#.........
###...##........
#####......+........
...#......##.......
#.#.......#.......
#h'.......####'###
###.......#.......
#.(....##.......
#......+........
###...##........
##'#.#.........
##..#####.......
####...#.#.#'#...#+
#.......##...#####


There were no monsters in sight!

Vanquished Creatures
  2 two-headed ogres
  Prince Ribbit (D:7)
  Sigmund (D:2)
  Menkaure (D:6)
  2 water moccasins (D:7)
  4 ice beasts
  A sky beast (D:7)
  An orc warrior (D:8)
  A necrophage (D:6)
  A centaur (D:6)
  An ogre (D:5)
  Blork the orc (D:4)
  A bullfrog (D:7)
  A scorpion (D:5)
  A wyvern zombie (D:5)
  A wyvern skeleton (D:6)
  2 jellies (D:6)
  2 howler monkeys
  A centaur zombie (D:8)
  3 orc priests
  A centaur skeleton (D:6)
  Jessica (D:3)
  3 orc wizards (D:5)
  3 iguanas
  A killer bee zombie (D:7)
  A mummy (D:7)
  8 gnolls
  5 adders
  A shadow imp (D:7)
  An ufetubus (D:5)
  A worm (D:3)
  2 dart slugs
  18 orcs
  2 endoplasms
  A giant cockroach (D:2)
  7 goblins
  3 hobgoblins
  2 quokkas
  2 ball pythons
  5 bats
  4 kobolds
  2 rats
103 creatures vanquished.

Notes
Turn   | Place    | Note
-------+----------+-------------------------------------------
     0 | D:1      | cbfl8 the Minotaur Berserker began the quest for the Orb.
     0 | D:1      | Reached XP level 1. HP: 19/19 MP: 0/0
  1011 | D:2      | Reached skill level 4 in Axes
  1011 | D:2      | Reached skill level 1 in Shields
  1011 | D:2      | Reached XP level 2. HP: 20/26 MP: 1/1
  1499 | D:2      | Noticed Sigmund
  1505 | D:2      | Killed Sigmund
  1506 | D:2      | Reached skill level 5 in Axes
  1506 | D:2      | Reached skill level 1 in Stealth
  1506 | D:2      | Reached skill level 1 in Evocations
  1506 | D:2      | Reached XP level 3. HP: 34/34 MP: 2/2
  1506 | D:2      | Reached XP level 4. HP: 41/41 MP: 3/3
  1506 | D:2      | Reached XP level 5. HP: 47/47 MP: 4/4
  1943 | D:3      | Noticed Jessica
  1948 | D:3      | Killed Jessica
  2096 | D:3      | Reached skill level 6 in Axes
  2096 | D:3      | Reached XP level 6. HP: 42/53 MP: 5/5
  2444 | D:3      | Reached ** piety under Trog
  2679 | D:4      | Noticed an ice beast
  2686 | D:4      | Killed an ice beast
  2731 | D:4      | Reached skill level 5 in Fighting
  2847 | D:4      | Found a large runed translucent door.
  2848 | D:4      | Found a large runed translucent door.
  2871 | D:4      | Noticed Alliumium's ghost (amateur MiFi)
  2968 | D:4      | Noticed Blork the orc
  2976 | D:4      | Killed Blork the orc
  3088 | D:4      | Reached XP level 7. HP: 61/61 MP: 6/6
  3515 | D:5      | Entered Level 5 of the Dungeon
  3520 | D:5      | Identified the +9 spear of Dissatisfaction {venom, rPois
                  | Int+4}
  3765 | D:5      | Reached skill level 7 in Axes
  4995 | D:6      | Reached skill level 8 in Axes
  4995 | D:6      | Reached XP level 8. HP: 62/70 MP: 7/7
  5242 | D:6      | Reached skill level 5 in Armour
  5572 | D:6      | Reached *** piety under Trog
  5642 | D:6      | Found a blossoming altar of Fedhas.
  5769 | D:6      | Noticed Menkaure
  5775 | D:6      | Killed Menkaure
  6343 | D:7      | Noticed a two-headed ogre
  6349 | D:7      | HP: 3/105 [two-headed ogre/+0 giant club (11)]
  6351 | D:7      | Killed a two-headed ogre
  6352 | D:7      | Reached skill level 9 in Axes
  6352 | D:7      | Reached XP level 9. HP: 4/78 MP: 8/8
  6779 | D:7      | Identified the +2 ring mail of Iqeesuse {Str+5 Int-4}
  7247 | D:7      | Noticed Prince Ribbit
  7260 | D:7      | Killed Prince Ribbit
  7442 | D:7      | Found a staircase to the Ecumenical Temple.
  7560 | D:7      | Reached skill level 10 in Axes
  8088 | D:7      | Found a snail-covered altar of Cheibriados.
  8179 | D:8      | Noticed a two-headed ogre
  8180 | D:8      | Found Tegheuch's Armour Boutique.
  8192 | D:8      | Killed a two-headed ogre
  8741 | D:8      | Noticed Erica
  8756 | D:8      | HP: 6/121 [something (1)]
  8760 | D:8      | Mangled by Erica

Illustrated notes

Levels and vault maps discovered:
D:1:      saegor_arrival_miasma, layout_basic
D:2:      layout_basic, uniq_sigmund
D:3:      layout_basic, uniq_jessica
D:4:      layout_basic, ebering_ghost_disaster_area, uniq_blork_the_orc
D:5:      minmay_general_purpose_star, layout_loops_corners,
          chequers_serial_rivers_micro_e
D:6:      layout_rooms, fedhas_altar_2, kennysheep_path_1,
          palyth_stone_intersect, water_boxes_lemuel, uniq_menkaure
D:7:      layout_loops_corners, slow_altar_2, minmay_temple_entry_stoned_glass,
          uniq_prince_ribbit1
D:8:      nicolae_cairo_tiling_very_big, layout_loops_ring, minitemple,
          serial_shops, shop, uniq_pikel, uniq_erica

Skill      XL: |  1  2  3  4  5  6  7  8  9 |
---------------+----------------------------+-----
Axes           | 4 5 6 8 9 10 | 10.7
Shields        | 1 2 3 4 |  4.2
Fighting       | 4 5 6 8 |  8.0
Armour         | 3 4 5 6 |  6.8
Stealth        | 1 2 3 4 |  4.1
Evocations     | 1 2 3 4 |  4.6
Dodging        | |  2.8

Action                   |  1- 3 |  4- 6 |  7- 9 || total
-------------------------+-------+-------+-------++-------
Melee: Hand axe          |    37 |   109 |   279 ||   425
       Headbutt          |     6 |    14 |    57 ||    77
       Unarmed           |       |       |    13 ||    13
Invok: Berserk           |       |       |     3 ||     3
Armor: Plate armour      |    18 |    61 |   117 ||   196
       Animal skin       |     2 |       |       ||     2
Dodge: Dodged            |    16 |    24 |    67 ||   107
       Repelled          |       |       |     1 ||     1
Block: Buckler           |     9 |    30 |    53 ||    92
